 Dungeon Crawl Stone Soup version 0.30.0-30-g96aa6591b8 (webtiles) character file.

Game seed: 10908048285957133271

78 cdecastro the Grasshopper (level 4, -1/36 HPs)
             Began as a Ghoul Warper on June 30, 2023.
             Was a Believer of Makhleb.
             Killed by divine providence
             ... invoked by an orc priest
              (13 damage)
             ... on level 3 of the Dungeon.
             The game lasted 00:03:41 (1438 turns).

cdecastro the Grasshopper (Ghoul Warper)            Turns: 1438, Time: 00:03:42

Health: -1/36      AC:  3    Str: 14    XL:     4   Next: 36%
Magic:  5/5        EV: 11    Int: 10    God:    Makhleb [**....]
Gold:   60         SH:  0    Dex:  8    Spells: 2/6 levels left

rFire   . . .        d - +1 dagger (venom)
rCold   + . .        (no shield)
rNeg    + + +        a - +0 leather armour
rPois   ∞            (no helmet)
rElec   .            (no cloak)
rCorr   .            (no gloves)
SInv    .            (no boots)
Will    .....        (no amulet)
Stlth   +            (no ring)
HPRegen 0.00/turn    (no ring)
MPRegen 0.09/turn

%: no passive effects
@: inhibited regen
A: claws 1, cold resistance 1, negative energy resistance 3, inhibited
regeneration, torment resistance 2, devour on kill
a: Renounce Religion, Minor Destruction


You were on level 3 of the Dungeon.
You worshipped Makhleb.
Makhleb was pleased with you.
You visited 1 branch of the dungeon, and saw 3 of its levels.

You collected 60 gold pieces.

Inventory:

Hand Weapons
 d - a +1 dagger of venom (weapon)
 g - a +3 whip
Missiles
 c - 7 boomerangs of dispersal (quivered)
 i - 2 atropa-tipped darts
 k - 5 boomerangs
Armour
 a - a +0 leather armour (worn)
Magical Staves
 f - a staff of death
Scrolls
 b - a scroll of blinking
 e - a scroll of magic mapping {unknown}
 j - 3 scrolls of enchant weapon {unknown}
 m - a scroll of teleportation {unknown}
 n - a scroll of noise {unknown}
Potions
 h - a potion of haste {unknown}
 l - 2 potions of curing {unknown}


   Skills:
 - Level 2.1 Fighting
 * Level 3.0 Throwing
 - Level 0.8 Armour
 - Level 1.7 Dodging
 - Level 2.1 Unarmed Combat
 - Level 1.7 Spellcasting
 + Level 3.4 Translocations


You had 2 spell levels left.
You knew the following spells:

 Your Spells              Type           Power      Damage    Failure   Level
a - Blink                 Tloc           14%        N/A       14%         2
b - Lesser Beckoning      Tloc           14%        N/A       14%         2

Your spell library contained the following spells:

 Spells                   Type           Power      Damage    Failure   Level
 Teleport Other           Tloc           7%         N/A       28%         3
 Vhi's Electric Charge    Tloc/Air       8%         N/A       52%         3
 Manifold Assault         Tloc           7%         N/A       67%         4


Dungeon Overview and Level Annotations

Branches:
Dungeon (3/15)

Altars:
Makhleb


Innate Abilities, Weirdness & Mutations

You are immune to poison.
You have sharp fingernails.
Your flesh is cold resistant. (rC+)
You are immune to negative energy. (rN+++)
You do not regenerate when monsters are visible.
You are immune to unholy pain and torment.
You thrive by killing the living.


Message History

The orc is heavily wounded.
The orc hits you with a +0 flail.
You hit the orc but do no damage.
The orc looks as sick as possible!
The orc is heavily wounded.
The orc misses you.
The orc wizard mumbles some strange words.
The orc wizard flickers and vanishes!
Deactivating autopickup; reactivate with Ctrl-A.
You hit the orc.
You kill the orc!
Makhleb accepts your kill.
You feel better.
You closely miss something. Something hits you.
You miss something. Something hits you.
You closely miss something. Something hits you.
An orc priest comes into view. It is wielding a +0 whip.
You miss something.
The orc priest shouts!
Something hits you.
You barely miss something.
You hear some strange, mumbled words.
You are confused.
The orc priest miscasts a cantrip.
You bump into the rock wall.
Something hits you.
You bump into the rock wall.
You hear some strange, mumbled words.
Something tries to affect you, but you resist.
You miss something. Something hits you.
You're too confused to move!
Something hits you but does no damage.
You're too confused to move!
Something hits you but does no damage.
You bump into the rock wall.
You feel less confused.
You hear some strange, mumbled words.
A puff of flame appears from out of thin air!
The puff of flame hits you!
* * * LOW HITPOINT WARNING * * *
You barely miss something.
The orc priest invokes the aid of Beogh against you.
Beogh smites you!
You die...

#.....#.# ###.....#.
o....... #o.....
o?... ###.#. ... #
...#.. #.# .# <.#.#
#.#.####..# #...#
#.#oo{@...#
###...###.#.###...#
...#......)..#...#
#####..###.#...#...#
#........#.#.###...#
#.###....#.#.......#
#......#....#####..#
##<.........# ...
####.......#


You could see an orc priest and an orc.

Vanquished Creatures
  An orc priest (D:3)
  An orc (D:3)
  6 ball pythons
  4 bats
  2 endoplasms
  2 giant cockroaches
  3 goblins
  3 hobgoblins
  2 quokkas (D:2)
  8 frilled lizards (D:2)
  9 kobolds
  5 rats
46 creatures vanquished.

Notes
Turn   | Place    | Note
-------+----------+-------------------------------------------
     0 | D:1      | cdecastro the Ghoul Warper began the quest for the Orb.
     0 | D:1      | Reached XP level 1. HP: 17/17 MP: 2/2
    33 | D:1      | Reached skill level 1 in Throwing
   162 | D:1      | Reached XP level 2. HP: 16/24 MP: 3/3
   215 | D:1      | Found a faded altar of an unknown god.
   269 | D:1      | Prayed at the altar of an unknown god.
   269 | D:1      | Became a worshipper of Makhleb the Destroyer
   269 | D:1      | Reached * piety under Makhleb
   486 | D:1      | Reached XP level 3. HP: 27/29 MP: 4/4
   992 | D:2      | Reached ** piety under Makhleb
   999 | D:2      | Learned a level 2 spell: Blink
  1002 | D:2      | Learned a level 2 spell: Lesser Beckoning
  1413 | D:3      | Reached XP level 4. HP: 36/36 MP: 5/5
  1438 | D:3      | Killed from afar by an orc priest

Illustrated notes

Levels and vault maps discovered:
D:1:      wander_arrival_chamber, layout_loops_ring,
          dreamdust_ecumenical_altar_grove
D:2:      layout_rooms, minmay_lizard_king
D:3:      minmay_general_purpose_star, layout_basic, st_stairs_9, uniq_terence

Skill      XL: |  1  2  3 |
---------------+----------+-----
Throwing       | 1 2 3 |  3.0
Translocations | 3 |  3.4
Fighting       | |  2.1
Armour         | |  0.8
Dodging        | |  1.7
Unarmed Combat | |  2.1
Spellcasting   | |  1.7

Action                     |  1- 3 |  4- 6 || total
---------------------------+-------+-------++-------
  Melee: Unarmed           |    20 |       ||    20
         Dagger            |   107 |    11 ||   118
         Punch             |     3 |       ||     3
 Armour: Leather armour    |    32 |     2 ||    34
  Dodge: Dodged            |    62 |     2 ||    64
